 Dungeon Crawl Stone Soup version 0.30-a0-859-gf88a04b62d (webtiles) character file.

Game seed: 12444950428166783696

25 Gerhazo the Conjurer (level 2, 0/15 HPs)
             Began as a Deep Elf Conjurer on Mar 6, 2023.
             Slain by Ijyb
             ... wielding a +0 dagger
              (3 damage)
             ... on level 3 of the Dungeon.
             The game lasted 00:02:12 (809 turns).

Gerhazo the Conjurer (Deep Elf Conjurer)             Turns: 809, Time: 00:02:13

Health: 0/15       AC:  3    Str:  4    XL:     2   Next: 82%
Magic:  2/9        EV: 12    Int: 22    God:
Gold:   72         SH:  0    Dex: 13    Spells: 6/9 levels left

rFire   . . .      SeeInvis .    f - +0 dagger (holy)
rCold   . . .      Faith    .    (no shield)
rNeg    . . .      Spirit   .    a - +0 robe
rPois   .          Reflect  .    h - +0 helmet
rElec   .          Rampage  .    (no cloak)
rCorr   .                        (no gloves)
Will    .....                    (no boots)
Stlth   ++                       (no amulet)
HPRegen 0.22/turn                (no ring)
MPRegen 0.11/turn                (no ring)

@: very slightly contaminated
A: no striking features
a: no special abilities


You were on level 3 of the Dungeon.
You visited 1 branch of the dungeon, and saw 3 of its levels.

You collected 72 gold pieces.

Inventory:

Hand Weapons
 f - a +0 dagger of holy wrath (weapon)
Armour
 a - a +0 robe (worn)
 h - a +0 helmet (worn)
Potions
 b - a potion of magic
 c - a potion of haste {unknown}
 d - 2 potions of attraction {unknown}
 e - 2 potions of might {unknown}
 g - a potion of curing {unknown}
 i - a potion of brilliance {unknown}


   Skills:
 - Level 2.4 Dodging
 - Level 2.4 Stealth
 + Level 4.0 Spellcasting
 + Level 4.9 Conjurations


You had 6 spell levels left.
You knew the following spells:

 Your Spells              Type           Power      Damage    Failure   Level
a - Magic Dart            Conj           100%       1d8       1%          1
b - Searing Ray           Conj           52%        2d6       2%          2

Your spell library contained the following spells:

 Spells                   Type           Power      Damage    Failure   Level
 Dazzling Flash           Conj/Hex       30%        N/A       12%         3
 Fulminant Prism          Conj/Hex       7%         3d7       38%         4
 Iskenderun's Mystic Bla  Conj/Tloc      15%        2d5       38%         4


Dungeon Overview and Level Annotations

Branches:
Dungeon (3/15)

Altars:

Shops:
D:1 ?

Annotations:
D:3 Ijyb


Message History

You kill the bat!
You see here a +0 falchion.
Found a short sword.
Found a purple potion.
Found a stone staircase leading down.
e - 2 purple potions (gained 1) Ijyb the Twisted Goblin comes into view.
She is wielding a +0 dagger and carrying a wand of roots (7).
Ijyb shouts!
There is a stone staircase leading down here.
Aiming: Searing Ray (safe; 2% risk of failure)
Press: ? - help, Q - select action, (/) - cycle Shift-Dir - straight line, f - Ijyb
Aim: Ijyb, wielding a +0 dagger, wearing a +0 ring mail and carrying a wand of roots (7) (77% to hit)
You miscast Searing Ray.
You are very lightly contaminated with residual magic.
Nothing appears to happen.
Ijyb closely misses you.
Aiming: Searing Ray (safe; 2% risk of failure)
Press: ? - help, Q - select action, (/) - cycle Shift-Dir - straight line, f/p - Ijyb
Aim: Ijyb, wielding a +0 dagger, wearing a +0 ring mail and carrying a wand of roots (7) (77% to hit)
The searing ray hits Ijyb.
Ijyb is lightly wounded. (Press . to maintain the ray.) Ijyb hits you with a +0 dagger.
The searing ray hits Ijyb but does no damage.
Ijyb is lightly wounded.
Ijyb closely misses you.
The searing ray hits Ijyb but does no damage.
Ijyb is lightly wounded.
Ijyb screams, "You nasty!
Big nasty!"
Ijyb zaps a wand.
The roots erupt in riotous growth!
The grasping roots grab you!
Ijyb is unaffected.
The grasping roots constrict you.
You hear a shout!
The searing ray misses Ijyb.
You finish channelling your searing ray.
Ijyb hits you with a +0 dagger. The grasping roots constrict you.
* * * LOW HITPOINT WARNING * * *
Unknown command.
You escape the roots grasp.
Ijyb attacks as you move away! Ijyb hits you with a +0 dagger.
You die...

##.## #.#.# ...#
#.#.# #..# ###....
#..##.........
#..##..# #...# ####
#..##..# #...# ...
#..##..# #....
#g####..##..####..#
#.@...............#
######....<.......#
##.#..........
#.....####.##
###...# #.#
#....#.####.##
#.##.#.....).# #
#.######..# #)#
#†.#


You could see Ijyb.

Vanquished Creatures
  A worm (D:3)
  A dart slug (D:1)
  An orc (D:3)
  3 endoplasms
  3 goblins
  A hobgoblin (D:3)
  3 ball pythons
  2 bats
  2 frilled lizards
  A kobold (D:1)
18 creatures vanquished.

Notes
Turn   | Place    | Note
-------+----------+-------------------------------------------
     0 | D:1      | Gerhazo the Deep Elf Conjurer began the quest for the Orb.
     0 | D:1      | Reached XP level 1. HP: 10/10 MP: 6/6
   187 | D:1      | Reached XP level 2. HP: 15/15 MP: 5/8
   246 | D:1      | Found Bayhushra's Magic Scroll Boutique.
   283 | D:1      | Learned a level 2 spell: Searing Ray
   802 | D:3      | Noticed Ijyb
   809 | D:3      | Slain by Ijyb

Illustrated notes

Levels and vault maps discovered:
D:1:      minmay_arrival_shoal_huts, layout_loops_ring, serial_shops,
          nicolae_shop_trees
D:2:      layout_basic, hangedman_abyss_or_decor_lesser_grid
D:3:      layout_loops_ring, nicolae_wu_jian_immortal_techniques,
          dreamdust_princess_corridor, uniq_ijyb, uniq_sigmund

Skill      XL: |  1  2 |
---------------+-------+-----
Spellcasting   | 4 |  4.0
Dodging        | |  2.4
Stealth        | |  2.4
Conjurations   | |  4.9

Action                     || total
---------------------------++-------
  Melee: Hand axe          ||     3
         Dagger            ||     4
   Cast: Magic Dart        ||    15
         Searing Ray       ||    10
 Armour: Robe              ||     1
  Dodge: Dodged            ||    10

Table legend: (Time is in decaauts)
 A = Elapsed time spent in this place.
 B = Non-inter-level travel time spent in this place.
 C = Inter-level travel time spent in this place.
 D = Time resting spent in this place.
 E = Time spent auto-exploring this place.
 F = Levels seen in this place.
 G = Mean time per level.
                   A        B        C        D        E       F      G
               +--------+--------+--------+--------+--------+-----+--------+
         Total |    809 |    788 |     21 |    286 |    283 |   3 |  269.7 |
       Dungeon |    809 |    788 |     21 |    286 |    283 |   3 |  269.7 |
               +--------+--------+--------+--------+--------+-----+--------+

Top non-repeatable levels by time:
     D:1: 290 daAuts
     D:3: 278 daAuts
     D:2: 240 daAuts
